 Dungeon Crawl Stone Soup version 0.23.2-40-g277498a001 (webtiles) character file.

Game seed: 5603657339845434450

372 Descartes the Insei (level 6, -1/30 HPs)
             Began as a Vine Stalker Transmuter on Oct 2, 2019.
             Was a Follower of Wu Jian.
             Killed by divine providence
             ... invoked by an orc priest
              (8 damage)
             ... on level 4 of the Dungeon.
             The game lasted 00:09:32 (3486 turns).

Descartes the Insei (Vine Stalker Transmuter)       Turns: 3486, Time: 00:09:33

Health: -1/30      AC: 12    Str: 11 (13) XL:     6   Next: 71%
Magic:  0/11       EV: 11    Int: 11 (14) God:    Wu Jian [*.....]
Gold:   154        SH:  0    Dex: 13 (15) Spells: 1/11 levels left

rFire    . . .     SeeInvis +     - Unarmed
rCold    . . .     Gourm    .   (no shield)
rNeg     . . .     Faith    .   w - +1 ring mail
rPois    .         Spirit   +   k - +2 helmet
rElec    .         Reflect  .   (no cloak)
rCorr    +         Harm     .   o - +2 pair of gloves
MR       .....                  (no boots)
Stlth    +.........             (no amulet)
HPRegen  0.50/turn              h - ring of resist corrosion
MPRegen  0.12/turn              v - ring of see invisible

@: no status effects
A: fangs 2, regeneration 1, magic shield, antimagic bite, no potion heal 3, rot
immunity
a: Renounce Religion


You were on level 4 of the Dungeon.
You worshipped Wu Jian.
Wu Jian was aware of your devotion.
You were not hungry.

You visited 1 branch of the dungeon, and saw 4 of its levels.

You collected 154 gold pieces.

Inventory:

Hand Weapons
 r - a +1 blowgun
Missiles
 a - 35 arrows
 f - 158 stones (quivered)
 s - 21 poisoned needles
 t - 4 tomahawks
Armour
 b - a +0 robe
 k - a +2 helmet (worn)
 o - a +2 pair of gloves (worn)
 p - a +0 large shield
 u - a +0 leather armour
 w - a +1 ring mail (worn)
Jewellery
 h - a ring of resist corrosion (left hand)
 l - a cursed amulet of faith {unknown}
 m - an uncursed ring of flight {unknown}
 v - a ring of see invisible (right hand)
Wands
 i - a wand of paralysis (4)
Scrolls
 e - 2 scrolls of blinking
 g - 2 scrolls of enchant armour
Potions
 j - a potion of curing
 q - a potion of haste
Comestibles
 c - 14 chunks of flesh
 d - 7 rations


   Skills:
 + Level 2.0 Fighting
 + Level 1.6 Armour
 + Level 2.3 Dodging
 + Level 2.4 Stealth
 * Level 4.3 Unarmed Combat
 + Level 3.0 Spellcasting
 * Level 3.6 Transmutations


You had one spell level left.
You knew the following spells:

 Your Spells              Type           Power        Failure   Level  Hunger
a - Beastly Appendage     Tmut           #.....       14%         1    #......
b - Sticks to Snakes      Tmut           #.......     22%         2    ###....
c - Spider Form           Tmut/Pois      #.........   65%         3    ###....
d - Ice Form              Ice/Tmut       #.......     96%         4    #####..

Your spell library contained the following spells:

 Spells                   Type           Power        Failure   Level  Hunger
 Blade Hands              Tmut           #.........   98%         5    ######.


Dungeon Overview and Level Annotations

Branches:
Dungeon (4/15)
 Temple: D:4-7

Altars:
Hepliaklqana
Qazlal
Wu Jian


Innate Abilities, Weirdness & Mutations

You have extremely sharp teeth.
Your natural rate of healing is unusually fast.
When hurt, damage is shared between your health and your magic reserves.
Your bite disrupts and absorbs the magic of your enemies.
Potions cannot restore your health.
You are immune to rotting.


Message History

You closely miss the orc priest.
The orc priest is heavily wounded.
The orc priest hits you but does no damage.
You barely miss the orc priest.
The orc priest is heavily wounded.
The orc priest hits you but does no damage.
You closely miss the orc priest. Your bite misses the orc priest.
The orc priest is heavily wounded.
The orc priest mumbles some strange prayers to Beogh against you.
Beogh smites you!
You closely miss the orc priest.
The orc priest is heavily wounded.
The orc priest mumbles some strange prayers to Beogh against you.
Pain shoots through your body!
* * * LOW HITPOINT WARNING * * *
You hit the orc priest. Your bite misses the orc priest.
The orc priest is almost dead.
The orc priest mumbles some strange prayers to Beogh against you.
Beogh smites you!
You die...

#. . #. '# #.#
... #.## ....
#..## .....
##...####......
#......@oh.....
##...####......
#..## .....
#.## .... #.#
... ###.# +#
#...# #.###
#.#########


You could see a hound and an orc priest.

Vanquished Creatures
  An ogre (D:3)
  3 orc wizards
  3 gnolls (D:3)
  6 adders
  3 worms
  6 dart slugs
  3 leopard geckos
  17 orcs
  4 giant cockroaches
  6 goblins
  7 hobgoblins
  5 jackals
  5 kobolds
  A ball python (D:2)
  6 bats
  7 frilled lizards
  6 rats
89 creatures vanquished.

Notes
Turn   | Place    | Note
-------+----------+-------------------------------------------
     0 | D:1      | Descartes the Vine Stalker Transmuter began the quest for
                  | the Orb.
     0 | D:1      | Reached XP level 1. HP: 9/9 MP: 4/4
    24 | D:1      | Reached skill level 1 in Fighting
    57 | D:1      | Reached XP level 2. HP: 14/14 MP: 4/6
   622 | D:1      | Reached XP level 3. HP: 18/18 MP: 7/7
  1185 | D:2      | Reached skill level 1 in Stealth
  1570 | D:2      | Found a hazy altar of Hepliaklqana.
  1926 | D:2      | Gained mutation: Your natural rate of healing is unusually
                  | fast. [Vine Stalker growth]
  1926 | D:2      | Reached XP level 4. HP: 20/22 MP: 3/8
  2251 | D:2      | Reached skill level 1 in Armour
  2392 | D:2      | Reached XP level 5. HP: 19/25 MP: 7/9
  2421 | D:2      | Found an ornate altar of the Wu Jian Council.
  2425 | D:2      | Became a worshipper of the Wu Jian Council
  2856 | D:3      | Learned a level 2 spell: Sticks to Snakes
  2860 | D:3      | Learned a level 3 spell: Spider Form
  2873 | D:3      | Found a stormy altar of Qazlal.
  2999 | D:3      | Reached skill level 4 in Unarmed Combat
  3049 | D:3      | Reached XP level 6. HP: 25/30 MP: 8/11
  3367 | D:3      | Learned a level 4 spell: Ice Form
  3408 | D:4      | Reached * piety under Wu Jian
  3486 | D:4      | Killed from afar by an orc priest

Skill      XL: |  1  2  3  4  5  6 |
---------------+-------------------+-----
Fighting       | 1 2 |  2.0
Stealth        | 1 2 |  2.4
Armour         | 1 |  1.6
Dodging        | 2 |  2.3
Transmutations | 3 |  3.6
Unarmed Combat | 4 |  4.3
Spellcasting   | 3 |  3.0

Action                   |  1- 3 |  4- 6 || total
-------------------------+-------+-------++-------
Melee: Unarmed           |   101 |   226 ||   327
       Bite              |    20 |    53 ||    73
       Kick              |    10 |    38 ||    48
       Headbutt          |     7 |       ||     7
       Punch             |       |     1 ||     1
 Cast: Beastly Appendage |    19 |    25 ||    44
Invok: Lunge             |       |     8 ||     8
  Use: Scroll            |       |     5 ||     5
       Potion            |       |     2 ||     2
 Stab: Sleeping          |       |     4 ||     4
  Eat: Chunk             |     3 |     6 ||     9
Armor: Robe              |    21 |    60 ||    81
       Ring mail         |       |    21 ||    21
       Leather armour    |       |     3 ||     3
Dodge: Dodged            |    61 |   116 ||   177
